 Dungeon Crawl Stone Soup version 0.30-a0-830-gfe289a77b0 (webtiles) character file.

Game seed: 6538244087710002579

282 Nacht the Digger (level 6, -2/41 HPs)
             Began as a Demonspawn Earth Elementalist on Feb 28, 2023.
             Slain by Ijyb
             ... wielding a +0 club
              (4 damage)
             ... on level 3 of the Dungeon.
             The game lasted 00:02:26 (2652 turns).

Nacht the Digger (Demonspawn Earth Elementalist)    Turns: 2652, Time: 00:02:26

Health: -2/41      AC:  2    Str:  8    XL:     6   Next: 6%
Magic:  5/10       EV: 12    Int: 18    God:
Gold:   136        SH:  0    Dex: 14    Spells: 5/11 levels left

rFire   . . .      SeeInvis .    (no weapon)
rCold   . . .      Faith    .    (no shield)
rNeg    . . .      Spirit   .    a - +0 robe
rPois   .          Reflect  .    (helmet restricted)
rElec   .          Harm     .    (no cloak)
rCorr   .          Rampage  .    (no gloves)
Will    .....                    (no boots)
Stlth   ++                       (no amulet)
HPRegen 0.26/turn                (no ring)
MPRegen 0.12/turn                (no ring)

@: no status effects
A: antennae 1, foul stench 1, demonic magic 1
a: no special abilities


You were on level 3 of the Dungeon.
You visited 1 branch of the dungeon, and saw 3 of its levels.

You collected 136 gold pieces.

Inventory:

Armour
 a - a +0 robe (worn)
Scrolls
 e - 2 scrolls of teleportation {unknown}
 f - 2 scrolls of blinking {unknown}
 g - 2 scrolls of noise {unknown}
 h - a scroll of vulnerability {unknown}
 l - a scroll of torment {unknown}
 n - a scroll of immolation {unknown}
Potions
 b - a potion of magic
 c - a potion of haste {unknown}
 d - a potion of cancellation
 i - a potion of resistance {unknown}
 j - a potion of mutation {unknown}
 k - 2 potions of brilliance {unknown}
 m - 2 potions of curing {unknown}
 o - a potion of ambrosia {unknown}


   Skills:
 - Level 1.7 Dodging
 - Level 1.7 Stealth
 + Level 3.0 Spellcasting
 * Level 3.3 Conjurations
 - Level 0.8 Transmutations
 + Level 4.7 Earth Magic


You had 5 spell levels left.
You knew the following spells:

 Your Spells              Type           Power      Damage    Failure   Level
a - Sandblast             Erth           38%        2d10      2%          1
b - Stone Arrow           Conj/Erth      34%        3d9       10%         3
w - Passwall              Tmut/Erth      10%        N/A       8%          2

Your spell library contained the following spells:

 Spells                   Type           Power      Damage    Failure   Level
 Sting                    Tmut/Pois      16%        1d3       14%         1
 Poisonous Vapours        Pois/Air       4%         N/A       24%         2
 Petrify                  Tmut/Erth      12%        N/A       45%         4
 Olgreb's Toxic Radiance  Pois           2%         N/A       85%         4


Dungeon Overview and Level Annotations

Branches:
Dungeon (3/15)

Altars:

Shops:
D:1 *

Annotations:
D:3 Ijyb


Innate Abilities, Weirdness & Mutations

You have a pair of small antennae on your head.
You may rarely emit foul miasma when damaged in melee.
Spells you cast may paralyse adjacent enemies.


Message History

* * * LOW HITPOINT WARNING * * *
The grasping roots constrict you.
* * * LOW HITPOINT WARNING * * *
The grasping roots release their grip on you.
Casting: Sandblast (safe; 2% risk of failure)
Confirm with . or Enter, or press ? or * to list all spells.
Aiming: Sandblast (safe; 2% risk of failure)
Press: ? - help, Shift-Dir - straight line, f/p - Ijyb
Aim: Ijyb, wielding a +0 club, wearing a +0 ring mail and carrying a wand of roots (4) (80% to hit)
The blast of sand hits Ijyb but does no damage.
Malevolent energies surge around you.
Ijyb suddenly stops moving!
The orc hits you with a +0 short sword.
* * * LOW HITPOINT WARNING * * *
Casting: Sandblast (safe; 2% risk of failure)
Confirm with . or Enter, or press ? or * to list all spells.
Aiming: Sandblast (safe; 2% risk of failure)
Press: ? - help, Shift-Dir - straight line, f/p - Ijyb
Aim: Ijyb, wielding a +0 club, wearing a +0 ring mail and carrying a wand of roots (4) (paralysed, 100% to hit)
The blast of sand hits Ijyb but does no damage.
Malevolent energies surge around you. The orc misses you.
The orc hits you with a +0 short sword.
* * * LOW HITPOINT WARNING * * *
Casting: Sandblast (safe; 2% risk of failure)
Confirm with . or Enter, or press ? or * to list all spells.
Aiming: Sandblast (safe; 2% risk of failure)
Press: ? - help, Shift-Dir - straight line, f/p - Ijyb
Aim: Ijyb, wielding a +0 club, wearing a +0 ring mail and carrying a wand of roots (4) (paralysed, 100% to hit)
The blast of sand hits Ijyb.
Ijyb is lightly wounded.
Malevolent energies surge around you. The orc barely misses you.
Casting: Sandblast (safe; 2% risk of failure)
Confirm with . or Enter, or press ? or * to list all spells.
Aiming: Sandblast (safe; 2% risk of failure)
Press: ? - help, Shift-Dir - straight line, f/p - Ijyb
Aim: Ijyb, wielding a +0 club, wearing a +0 ring mail and carrying a wand of roots (4) (lightly wounded, paralysed, 100% to hit)
The blast of sand hits Ijyb.
Ijyb is lightly wounded.
Malevolent energies surge around you.
The orc suddenly stops moving!
Ijyb is no longer paralysed.
Ijyb hits you with a +0 club.
You die...

..## #..##### .#
##..#..### .#
###......## ..#
#####.....### ##.###
..#
##......#####8...8##
###
##......##.........
###........o......
####....@g......
#######...... #####


You could see Ijyb and an orc (paralysed).

Vanquished Creatures
  Sigmund (D:3)
  Jessica (D:2)
  Terence (D:3)
  3 adders
  3 dart slugs
  An orc (D:3)
  3 bats
  5 endoplasms
  3 giant cockroaches (D:2)
  A goblin (D:1)
  5 hobgoblins
  8 kobolds
  2 quokkas
  4 ball pythons
  4 frilled lizards
  7 rats
52 creatures vanquished.

Vanquished Creatures (others)
  A plant (D:3)
1 creature vanquished.

Grand Total: 53 creatures vanquished

Notes
Turn   | Place    | Note
-------+----------+-------------------------------------------
     0 | D:1      | Nacht the Demonspawn Earth Elementalist began the quest for
                  | the Orb.
     0 | D:1      | Reached XP level 1. HP: 13/13 MP: 3/3
   132 | D:1      | Found Kiel's Assorted Antiques.
   146 | D:1      | Reached skill level 3 in Earth Magic
   236 | D:1      | Gained mutation: You have a pair of small antennae on your
                  | head. [demonic ancestry]
   236 | D:1      | Reached XP level 2. HP: 19/19 MP: 0/5
   946 | D:1      | Found a faded altar of an unknown god.
  1288 | D:2      | Reached XP level 3. HP: 24/24 MP: 3/6
  1413 | D:2      | Reached skill level 4 in Earth Magic
  1551 | D:2      | Learned a level 2 spell: Passwall
  1557 | D:2      | Learned a level 3 spell: Stone Arrow
  1685 | D:2      | Noticed Jessica
  1689 | D:2      | Killed Jessica
  1690 | D:2      | Reached skill level 1 in Conjurations
  1690 | D:2      | Gained mutation: Spells you cast may paralyse adjacent
                  | enemies. [demonic ancestry]
  1690 | D:2      | Reached XP level 4. HP: 30/30 MP: 5/7
  2230 | D:3      | Noticed Sigmund
  2237 | D:3      | Killed Sigmund
  2238 | D:3      | Reached XP level 5. HP: 30/35 MP: 4/9
  2301 | D:3      | Noticed Terence
  2306 | D:3      | Killed Terence
  2307 | D:3      | Gained mutation: You may rarely emit foul miasma when
                  | damaged in melee. [demonic ancestry]
  2307 | D:3      | Reached XP level 6. HP: 22/41 MP: 5/10
  2643 | D:3      | Noticed Ijyb
  2650 | D:3      | HP: 2/41 [orc/+0 short sword (2)]
  2652 | D:3      | Slain by Ijyb

Illustrated notes

Levels and vault maps discovered:
D:1:      minmay_arrival_loop, layout_loops_cross, serial_shops,
          nicolae_shop_overgrown_old_shop, shapermc_ecumenical_altar_ellora,
          grunt_decor_clamped, hangedman_decor_growths
D:2:      minmay_alternating_diamond, layout_loops_cross, uniq_jessica
D:3:      layout_rooms, nicolae_tso_carved_into_rock, serial_bayou_lake_a,
          uniq_sigmund, uniq_terence, uniq_robin, uniq_ijyb

Skill      XL: |  1  2  3  4  5  6 |
---------------+-------------------+-----
Earth Magic    | 3 4 |  4.7
Conjurations   | 1 3 |  3.3
Spellcasting   | 3 |  3.0
Dodging        | |  1.7
Stealth        | |  1.7
Transmutations | |  0.8

Action                     |  1- 3 |  4- 6 || total
---------------------------+-------+-------++-------
  Melee: Unarmed           |     3 |     4 ||     7
   Cast: Sandblast         |    56 |    30 ||    86
    Use: Potion            |       |     1 ||     1
 Armour: Robe              |     2 |     3 ||     5
  Dodge: Dodged            |    13 |    10 ||    23

Table legend: (Time is in decaauts)
 A = Elapsed time spent in this place.
 B = Non-inter-level travel time spent in this place.
 C = Inter-level travel time spent in this place.
 D = Time resting spent in this place.
 E = Time spent auto-exploring this place.
 F = Levels seen in this place.
 G = Mean time per level.
                   A        B        C        D        E       F      G
               +--------+--------+--------+--------+--------+-----+--------+
         Total |   2722 |   2619 |    103 |      0 |   2225 |   3 |  907.3 |
       Dungeon |   2722 |   2619 |    103 |      0 |   2225 |   3 |  907.3 |
               +--------+--------+--------+--------+--------+-----+--------+

Top non-repeatable levels by time:
     D:1: 1099 daAuts
     D:2: 1093 daAuts
     D:3: 529 daAuts
